 Dungeon Crawl Stone Soup version 0.29-a0-561-ga02bf68b3c (webtiles) character file.

Game seed: 12802419777469068163

251547 Essalna the Warrior (level 19, 0/146 HPs)
             Began as an Octopode Transmuter on June 11, 2022.
             Was the Champion of Elyvilon.
             Hit by a silver javelin thrown by a merfolk javelineer (3 damage)
             ... on level 4 of the Shoals.
             The game lasted 02:03:50 (42077 turns).

Essalna the Warrior (Octopode Transmuter)          Turns: 42077, Time: 02:03:50

Health: 0/146      AC:  5    Str: 24    XL:     19   Next: 66%
Magic:  22/22      EV: 29    Int: 25    God:    Elyvilon [******]
Gold:   3703       SH:  0    Dex: 26    Spells: 4/22 levels left

rFire   + . .      SeeInvis +     - Unarmed
rCold   . . .      Faith    .   (no shield)
rNeg    + . .      Spirit   .   (helmet restricted)
rPois   +          Reflect  .   s - amulet of regeneration
rElec   .          Harm     .   i - +6 ring of strength
rCorr   .          Rampage  .   t - +6 ring of dexterity
Will    +....                   E - +4 ring of protection
Stlth   ++++......              A - ring of positive energy
HPRegen 1.14/turn               F - ring of wizardry
MPRegen 0.18/turn               J - +6 ring of dexterity
                                P - ring "Belato" {rPois Int+4}
                                X - ring of Xabegu {rF+ Str+8 SInv}

@: about to teleport, studying Fighting
A: almost no armour, amphibious, 8 rings, camouflage 1, gelatinous body 1,
nimble swimmer 1, tentacles, subdued magic 1
}: 2/15 runes: barnacled, gossamer
a: Renounce Religion, Purification, Heal Other, Heal Self, Divine Vigour


You were on level 4 of the Shoals.
You worshipped Elyvilon.
Elyvilon was exalted by your worship.
You visited 6 branches of the dungeon, and saw 32 of its levels.
You also visited: Bailey and Ice Cave.

You collected 5417 gold pieces.
You spent 1714 gold pieces at shops.

Inventory:

Missiles
 p - 11 silver javelins
 y - 8 throwing nets
Jewellery
 i - a +6 ring of strength (left tentacle)
 s - an amulet of regeneration (around mantle)
 t - a +6 ring of dexterity (right tentacle)
 A - a ring of positive energy (on tentacle)
 E - a +4 ring of protection (on tentacle)
 F - a ring of wizardry (on tentacle)
 J - a +6 ring of dexterity (on tentacle)
 P - the ring "Belato" (on tentacle) {rPois Int+4}
   (You found it in an ice cave)

   [ring of poison resistance]

   Int:       It affects your intelligence (+4).
   rPois:     It protects you from poison.
 U - the amulet "Ilile" {Reflect Str+3 SH+5}
   (You bought it in a shop on level 1 of the Dungeon)

   [amulet of reflection]

   It reflects blocked missile attacks.
   Str:       It affects your strength (+3).
   SH:        It affects your SH (+5).
 V - a +6 ring of dexterity
 X - the ring of Xabegu (on tentacle) {rF+ Str+8 SInv}
   (You found it on level 13 of the Dungeon)

   [ring of protection from fire]

   Str:       It affects your strength (+8).
   rF:        It protects you from fire.
   SInv:      It lets you see invisible.
Wands
 k - a wand of mindburst (30)
 u - a wand of flame (45)
 D - a wand of iceblast (26)
 H - a wand of acid (12)
 L - a wand of digging (5)
 Q - a wand of paralysis (4)
 T - a wand of polymorph (11)
 Z - a wand of charming (8)
Scrolls
 j - 9 scrolls of poison
 l - 7 scrolls of noise
 m - 3 scrolls of brand weapon
 n - 4 scrolls of enchant weapon
 o - 3 scrolls of teleportation
 r - 5 scrolls of amnesia
 v - 42 scrolls of identify
 B - 5 scrolls of vulnerability
 C - 3 scrolls of acquirement {unknown}
 I - 5 scrolls of enchant armour
 K - 5 scrolls of fog {unknown}
 O - 4 scrolls of silence {unknown}
 R - 2 scrolls of torment {unknown}
 S - 3 scrolls of magic mapping
Potions
 a - 7 potions of lignification
 b - 3 potions of attraction {unknown}
 c - 8 potions of degeneration
 d - 9 potions of ambrosia
 e - 12 potions of curing
 f - 7 potions of mutation
 g - 4 potions of resistance
 h - a potion of invisibility
 q - 3 potions of magic
 w - 7 potions of brilliance
 x - 9 potions of haste
 z - 3 potions of flight
 G - 2 potions of heal wounds
 M - 3 potions of cancellation
 N - 3 potions of might
 W - 2 potions of berserk rage


   Skills:
 + Level 18.0 Fighting
 + Level 16.2 Dodging
 + Level 16.3 Unarmed Combat
 - Level 2.0 Spellcasting
 + Level 4.4 Translocations
 + Level 17.3 Transmutations
 - Level 7.0 Ice Magic
 + Level 12.0 Earth Magic


You had 4 spell levels left.
You knew the following spells:

 Your Spells              Type           Power      Damage    Failure   Level
a - Beastly Appendage     Tmut           100%       N/A       0%          1
b - Passwall              Tmut/Erth      45%        N/A       0%          2
c - Ice Form              Ice/Tmut       48%        N/A       1%          4
d - Statue Form           Tmut/Erth      36%        N/A       1%          6
e - Manifold Assault      Tloc           19%        N/A       17%         5

Your spell library contained the following spells:

 Spells                   Type           Power      Damage    Failure   Level
 Wereblood                Tmut           62%        N/A       0%          2
 Apportation              Tloc           38%        N/A       1%          1
 Sandblast                Erth           96%        2d20      1%          1
 Sting                    Tmut/Pois      100%       1d8       1%          1
 Blink                    Tloc           38%        N/A       1%          2
 Ensorcelled Hibernation  Hex/Ice        30%        N/A       1%          2
 Frozen Ramparts          Ice            56%        1d7       1%          3
 Ignite Poison            Fire/Tmut/Pois 24%        N/A       1%          3
 Spider Form              Tmut/Pois      35%        N/A       1%          3
 Stone Arrow              Conj/Erth      50%        3d10      1%          3
 Foxfire                  Conj/Fire      4%         2x1d4     3%          1
 Slow                     Hex            4%         N/A       3%          1
 Summon Small Mammal      Summ           4%         N/A       3%          1
 Leda's Liquefaction      Hex/Erth       12%        N/A       3%          4
 Poisonous Vapours        Pois/Air       2%         N/A       6%          2
 Scorch                   Fire           2%         2d5       6%          2
 Static Discharge         Conj/Air       1%         N/A       6%          2
 Summon Ice Beast         Ice/Summ       15%        N/A       9%          4
 Call Canine Familiar     Summ           1%         N/A       12%         3
 Conjure Flame            Conj/Fire      1%         6-21      12%         3
 Dazzling Flash           Conj/Hex       2%         N/A       12%         3
 Inner Flame              Hex/Fire       1%         N/A       12%         3
 Summon Guardian Golem    Hex/Summ       1%         N/A       12%         3
 Iskenderun's Mystic Bla  Conj/Tloc      10%        2d4       16%         4
 Anguish                  Hex/Necr       0%         N/A       36%         4
 Dispel Undead            Necr           1%         3d6       36%         4
 Flame Wave               Conj/Fire      1%         2d4       36%         4
 Fulminant Prism          Conj/Hex       0%         3d6       36%         4
 Olgreb's Toxic Radiance  Pois           1%         N/A       36%         4
 Sticky Flame             Conj/Fire      1%         2d3       36%         4
 Lee's Rapid Deconstruct  Erth           24%        3d14*     1%          5
 Alistair's Intoxication  Tmut/Pois      23%        N/A       2%          5
 Freezing Cloud           Conj/Ice/Air   5%         6-21      38%         5
 Storm Form               Tmut/Air       17%        N/A       65%         7
 Fireball                 Conj/Fire      0%         3d3       71%         5
 Iskenderun's Battlesphe  Conj           1%         2d6       71%         5
 Summon Mana Viper        Hex/Summ       1%         N/A       71%         5
 Conjure Ball Lightning   Conj/Air       0%         3x3d6     99%         6
 Starburst                Conj/Fire      0%         6d3       99%         6
 Summon Cactus Giant      Summ           0%         N/A       99%         6
 Monstrous Menagerie      Summ           0%         N/A       100%        7
 Orb of Destruction       Conj           0%         9d5       100%        7


Dungeon Overview and Level Annotations

Branches:
Dungeon (15/15)            Temple (1/1) D:5            Lair (6/6) D:10
 Shoals (4/4) Lair:4       Spider (4/4) Lair:2          Orc (2/2) D:11
    Elf (0/3) Orc:2        Vaults (0/5) D:13         Depths (0/4) D:15
 Bailey (visited)           IceCv (visited)
  Slime: Lair:5-6

Altars:
Cheibriados
Elyvilon
Fedhas
Gozag
Makhleb
Okawaru
Qazlal
Ru
Sif Muna
Xom
Zin
Beogh

Shops:
D:1 *   D:7 :   D:15 !:?(   Orc:2 [:!!   Shoals:1 (**

Annotations:
Lair:1 2 transporters
Lair:5 exclusion: 2 oklob plants
Spider:3 Roxanne


Innate Abilities, Weirdness & Mutations

You cannot wear most types of armour.
You are amphibious.
You can wear up to eight rings at the same time.
Your skin changes colour to match your surroundings (Stealth+).
Your rubbery body absorbs attacks. (AC +1, EV +1)
You are camouflaged when in or above water. (Stealth+)
You have tentacles for arms and can constrict up to eight enemies at once.
Your spells are a little easier to cast, but a little less powerful.


Message History

You constrict the merfolk javelineer.
The merfolk hits you from afar with a +0 trident!
The merfolk javelineer throws a silver javelin.
The silver javelin barely misses you. The merfolk completely misses you. x2
You are too injured to fight recklessly!
You are too injured to fight recklessly!
You are too injured to fight recklessly!
You are too injured to fight recklessly!
You tentacle-slap the merfolk. Your grab misses the merfolk.
The merfolk is lightly wounded.
You constrict the merfolk javelineer.
A merfolk comes into view. It is wielding a +0 spear.
The merfolk hits you from afar with a +0 trident!! x2
The merfolk javelineer throws a silver javelin.
The silver javelin pierces through you! The silver sears you!
* * * LOW HITPOINT WARNING * * *
The merfolk hits you with a +0 trident of venom!
* * * LOW HITPOINT WARNING * * *
The merfolk completely misses you.
As you read the scroll of teleportation, it crumbles to dust.
You feel strangely unstable.
You constrict the merfolk javelineer. The merfolk misses you.
The merfolk closely misses you. The merfolk misses you.
The merfolk javelineer throws a silver javelin.
The silver javelin barely misses you. The merfolk barely misses you.
You batter the merfolk!! You grab the merfolk.
The merfolk is moderately wounded.
You constrict the merfolk. You constrict the merfolk javelineer.
The merfolk hits you from afar with a +0 trident.
* * * LOW HITPOINT WARNING * * *
You bludgeon the merfolk! You squeeze the merfolk!
The merfolk is almost dead.
You constrict the merfolk. You constrict the merfolk javelineer.
The merfolk hits you from afar with a +0 trident!!
Elyvilon protects you from harm! The merfolk completely misses you.
The merfolk javelineer throws a silver javelin.
The silver javelin pierces through you!!
* * * LOW HITPOINT WARNING * * *
The silver sears you!
You die...

..................≈#.≈..
#.P...............##≈.#.
#.................##...≈
#..m..............###.##
≈...................###
#≈..........≈≈≈≈≈≈..####
#≈≈≈≈....≈≈#≈####≈≈≈.≈..
≈≈≈≈≈≈≈m)≈#######≈≈≈≈≈..
≈P≈≈≈m≈@≈#≈≈###≈##≈≈≈≈..
≈≈≈≈≈≈m)##≈≈≈≈≈≈≈##≈≈≈..
≈≈≈≈≈mm≈≈#≈≈#≈#≈≈#≈≈≈...
P≈≈≈≈≈P≈###≈≈≈≈≈###≈≈...
≈≈P≈≈≈≈≈≈#≈≈#≈#≈≈#≈≈....
P≈≈≈≈≈≈≈≈#≈≈≈≈≈≈≈#≈≈....
≈≈≈≈≈≈≈≈###≈###≈≈##≈....
≈≈≈≈≈≈≈≈≈≈### ###.≈≈....
≈≈...≈######≈..≈....


You could see a merfolk javelineer and 5 merfolk.

Vanquished Creatures
  Nikola (Spider:4)
  Arachne (Spider:3)
  Jorgrun (Orc:1)
  Mlioglotl (Spider:3)
  A kraken (Shoals:4)
  The ghost of Jemet the Peltast, an adept DDFi of Makhleb (Shoals:1)
  Agnes (Spider:2)
  An azure jelly (IceCv)
  A frost giant (Shoals:4)
  An emperor scorpion (Spider:4)
  2 ghost moths
  2 orc warlords
  Louise (Spider:3)
  2 broodmothers
  Nessos (D:14)
  2 entropy weavers
  Azrael (D:13)
  2 spark wasps (Spider:2)
  An ettin (D:13)
  2 fire dragons (D:15)
  10 merfolk impalers
  The ghost of fly the Fighter, a journeyman DjTm of Makhleb (D:10)
  5 merfolk javelineers
  Harold (D:9)
  12 hydras
  Erolcha (D:9)
  2 vault guards (Bailey)
  4 boulder beetles
  2 alligator snapping turtles
  4 centaur warriors
  4 jorogumos
  4 catoblepae
  3 radroaches
  6 merfolk avatars
  The ghost of Shavain the Quickloader, a journeyman GrHu of the Shining One (Lair:1)
  7 merfolk aquamancers
  9 two-headed ogres
  2 tengu warriors
  8 death scarabs (Spider:4)
  A death yak (Lair:3)
  2 satyrs (Shoals:3)
  5 orc high priests (Orc:2)
  Urug (Orc:2)
  Sonja (D:11)
  Lodul (D:14)
  9 steelbarb worms
  9 pharaoh ants
  8 orb spiders
  9 sea snakes
  Pikel (D:4)
  An obsidian statue (Shoals:1)
  2 spectral wolf spiders (Spider:4)
  5 orc knights
  18 harpies
  A necromancer (D:13)
  2 spectral jorogumos (Spider:4)
  3 deep elf pyromancers
  11 ugly things
  3 orc sorcerers (Orc:2)
  22 wolf spiders
  8 cyclopes
  3 fauns (Shoals:3)
  6 merfolk sirens
  2 moths of wrath
  15 manticores
  A guardian serpent (Lair:6)
  11 black mambas
  Joseph (D:9)
  2 ice statues (IceCv)
  8 torpor snails
  2 gargoyles
  18 cane toads
  3 water nymphs (Shoals:4)
  30 elephants
  Maggie (D:8)
  7 demonic crawlers
  4 rime drakes
  12 komodo dragons
  2 efreet
  2 redback zombies (Spider:4)
  2 spectral redbacks (Spider:4)
  2 entropy weaver simulacra (IceCv)
  3 tengu conjurers
  A kobold demonologist (D:11)
  A meliai (D:8)
  A queen bee (shapeshifter) (Spider:1)
  33 merfolk
  5 wind drakes
  2 hornets (Lair:6)
  4 spectral jumping spiders (Spider:4)
  29 slime creatures
  5 trolls
  14 polar bears
  Prince Ribbit (Bailey)
  2 spectral culicivoras (Spider:4)
  A tarantella (shapeshifter) (D:15)
  24 tarantellas
  A raiju (Lair:6)
  5 blink frogs
  2 spectral tarantellas (Spider:4)
  27 dream sheep
  A blink frog (shapeshifter) (D:11)
  A culicivora zombie (Spider:4)
  11 snapping turtles
  A jumping spider zombie (Spider:4)
  A culicivora (shapeshifter) (D:14)
  3 wraiths
  23 jumping spiders
  18 culicivoras
  Sigmund (D:2)
  A shadow (D:12)
  12 water elementals
  16 wyverns
  53 yaks
  4 fire elementals (D:13)
  9 humans (Bailey)
  Eustachio (D:5)
  Grum (D:8)
  2 fire bats (Lair:2)
  5 basilisks
  5 steam dragons
  8 vampire mosquitoes
  60 redbacks
  9 wargs
  An acid dragon (D:10)
  A demonic crawler simulacrum (IceCv)
  30 water moccasins
  20 hell hounds
  13 black bears
  42 orc warriors
  An ice beast (D:4)
  20 ogres
  4 ugly thing simulacra (IceCv)
  33 wolves
  9 centaurs
  3 lemures
  2 kobold brigands
  Blork the orc (D:4)
  24 bullfrogs
  A gnoll sergeant (D:7)
  2 necrophages
  2 glowing shapeshifter simulacra (IceCv)
  4 scorpions
  15 killer bees
  3 electric eels
  2 howler monkeys
  A jelly (D:7)
  29 orc priests
  Jessica (D:2)
  9 hell rats
  2 iguanas
  22 orc wizards
  Robin (D:3)
  13 gnolls
  6 adders
  2 shadow imps
  3 white imps
  4 ufetubi
  A worm (D:3)
  3 dart slugs
  116 orcs
  10 ball pythons
  5 endoplasms
  A giant cockroach (D:2)
  14 goblins
  8 hobgoblins
  2 quokkas
  4 bats
  3 frilled lizards (D:2)
  15 kobolds
  4 rats
  3 tentacles (Shoals:4)
1291 creatures vanquished.

Vanquished Creatures (others)
  A faun (Shoals:3)
  A demonic crawler (Spider:4)
  2 jumping spiders (Spider:3)
  19 fungi
  154 plants
  15 tentacles (Shoals:4)
192 creatures vanquished.

Grand Total: 1483 creatures vanquished

Notes
Turn   | Place    | Note
-------+----------+-------------------------------------------
     0 | D:1      | Essalna the Octopode Transmuter began the quest for the
                  | Orb.
     0 | D:1      | Reached XP level 1. HP: 13/13 MP: 3/3
    99 | D:1      | Reached XP level 2. HP: 18/18 MP: 3/5
   250 | D:1      | Found Tobeah's Assorted Antiques.
   556 | D:2      | Found a faded altar of an unknown god.
   564 | D:2      | Found a blossoming altar of Fedhas.
   605 | D:2      | Learned a level 2 spell: Passwall
   906 | D:2      | Reached XP level 3. HP: 22/23 MP: 4/6
  1087 | D:2      | Noticed Jessica
  1099 | D:2      | Killed Jessica
  1511 | D:2      | Noticed Sigmund
  1574 | D:3      | Reached skill level 2 in Fighting
  1574 | D:3      | Reached XP level 4. HP: 29/29 MP: 5/7
  1579 | D:3      | Learned a level 4 spell: Ice Form
  1820 | D:3      | Noticed a necrophage
  1883 | D:4      | Noticed Blork the orc
  1900 | D:3      | Killed a necrophage
  1901 | D:3      | Reached skill level 1 in Ice Magic
  1901 | D:3      | Reached XP level 5. HP: 26/34 MP: 3/8
  2052 | D:3      | Noticed Robin
  2077 | D:3      | Killed Robin
  2640 | D:3      | Reached XP level 6. HP: 38/39 MP: 7/9
  3070 | D:4      | Noticed a black bear
  3148 | D:4      | Killed Blork the orc
  3519 | D:4      | Killed a black bear
  3520 | D:4      | Reached skill level 5 in Transmutations
  3520 | D:4      | Reached XP level 7. HP: 45/45 MP: 10/10
  3715 | D:5      | Entered Level 5 of the Dungeon
  3715 | D:5      | Found a staircase to the Ecumenical Temple.
  3729 | Temple   | Entered the Ecumenical Temple
  3758 | Temple   | Became a worshipper of Elyvilon the Healer
  4034 | D:4      | Reached * piety under Elyvilon
  4039 | D:4      | Noticed Pikel
  4407 | D:5      | Noticed Eustachio
  4495 | D:4      | Killed Pikel
  4496 | D:4      | Reached XP level 8. HP: 13/50 MP: 11/11
  4561 | D:4      | Identified the +7 dagger "Xextofemi" {vorpal, rC+ Dex+3
                  | Stlth+}
  4794 | D:2      | Killed Sigmund
  5120 | D:4      | Reached ** piety under Elyvilon
  5709 | D:5      | Killed Eustachio
  6032 | D:6      | Reached XP level 9. HP: 55/55 MP: 7/12
  6134 | D:6      | Reached skill level 3 in Fighting
  6142 | D:6      | Reached *** piety under Elyvilon
  6173 | D:6      | Identified the +8 spear "Grim Tooth" {vorpal, Will+}
  7211 | D:7      | Reached **** piety under Elyvilon
  7546 | D:7      | Reached skill level 4 in Fighting
  7546 | D:7      | Reached skill level 5 in Unarmed Combat
  7594 | D:7      | Noticed a gargoyle
  7600 | D:7      | Killed a gargoyle
  7645 | D:7      | Found Jiruegre's Book Emporium.
  8189 | D:7      | Reached skill level 5 in Dodging
  8297 | D:8      | Noticed an eight-headed hydra
  8299 | D:8      | Noticed a meliai
  8300 | D:8      | Noticed a tengu warrior
  8300 | D:8      | Noticed a tengu conjurer
  8300 | D:8      | Noticed a manticore
  8440 | D:8      | Noticed Grum
  8446 | D:8      | Reached XP level 10. HP: 65/65 MP: 8/13
  8453 | D:8      | Reached skill level 5 in Fighting
  8466 | D:8      | Killed Grum
  8522 | D:8      | Noticed Maggie
  8544 | D:8      | Killed Maggie
  8549 | D:8      | Identified the +5 war axe "Xoiz" {drain, rC+ rN+ Int+3}
  8630 | D:8      | Found a runed translucent door.
  8822 | D:8      | Killed an eight-headed hydra
  8982 | D:8      | Reached skill level 6 in Fighting
  9101 | D:8      | Killed a tengu warrior
  9162 | D:8      | Noticed a cyclops
  9194 | D:8      | Killed a cyclops
  9337 | D:8      | Noticed a centaur warrior
  9393 | D:8      | Killed a manticore
  9394 | D:8      | Reached XP level 11. HP: 48/74 MP: 11/14
  9680 | D:9      | Noticed Harold
  9693 | D:9      | Found a flagged portal.
  9716 | Bailey   | Entered a bailey
  9716 | Bailey   | Reached ***** piety under Elyvilon
  9828 | Bailey   | Reached skill level 7 in Fighting
  9843 | Bailey   | Reached skill level 10 in Transmutations
  9928 | Bailey   | Noticed a vault guard
  9999 | Bailey   | Killed a vault guard
 10085 | Bailey   | Noticed a vault guard
 10085 | Bailey   | Noticed Prince Ribbit
 10121 | Bailey   | Killed Prince Ribbit
 10141 | Bailey   | Killed a vault guard
 10411 | D:9      | Noticed Joseph
 10422 | D:9      | Killed Joseph
 10493 | D:9      | Killed Harold
 10537 | D:9      | Noticed Erolcha
 10547 | D:9      | Killed Erolcha
 10548 | D:9      | Reached skill level 8 in Fighting
 10676 | D:9      | Found an iron altar of Okawaru.
 10880 | D:10     | Entered Level 10 of the Dungeon
 11025 | D:10     | Found a runed translucent gate.
 11025 | D:10     | Found a runed translucent gate.
 11025 | D:10     | Found a runed translucent gate.
 11055 | D:10     | Noticed fly's ghost (journeyman DjTm)
 11056 | D:10     | Noticed an 11-headed hydra
 11111 | D:10     | Reached XP level 12. HP: 83/83 MP: 11/15
 11144 | D:10     | Found a staircase to the Lair.
 11204 | Lair:1   | Entered Level 1 of the Lair of Beasts
 11285 | Lair:1   | Found a large runed translucent door.
 11285 | Lair:1   | Found a large runed translucent door.
 11347 | Lair:1   | Noticed Shavain's ghost (journeyman GrHu)
 11471 | Lair:1   | Killed Shavain's ghost
 11580 | Lair:1   | Reached skill level 9 in Fighting
 11802 | Lair:1   | Found a transporter.
 11873 | Lair:1   | Found a transporter.
 12179 | Lair:2   | Found a hole to the Spider Nest.
 12510 | Lair:2   | Reached ****** piety under Elyvilon
 12517 | Lair:2   | Reached skill level 10 in Unarmed Combat
 12684 | Lair:2   | Noticed a five-headed hydra
 12694 | Lair:2   | Killed a five-headed hydra
 12699 | Lair:2   | Reached XP level 13. HP: 45/91 MP: 12/16
 13083 | Lair:2   | Reached skill level 10 in Dodging
 13504 | Lair:3   | Reached skill level 10 in Fighting
 15767 | Lair:3   | Identified the +10 double sword of Twilight {vorpal, Dex+3
                  | Stlth+}
 15900 | Lair:4   | Reached skill level 11 in Fighting
 15922 | Lair:4   | Found a frozen archway.
 15947 | IceCv    | Entered an ice cave
 16260 | IceCv    | Reached XP level 14. HP: 86/101 MP: 17/17
 16702 | IceCv    | HP: 3/121 [enormous slime creature (66)]
 16961 | IceCv    | Found a viscous altar of Jiyva.
 16961 | IceCv    | Noticed an azure jelly
 16987 | IceCv    | Killed an azure jelly
 17082 | IceCv    | Identified the +7 ice dragon scales "Yforageile" {rF- rC++
                  | Will+ Str+3}
 17085 | IceCv    | Identified the ring "Belato" {rPois Int+4}
 17515 | Lair:4   | Found a staircase to the Shoals.
 18411 | Lair:4   | Identified the +7 falchion "Upied" {venom, Contam rC+
                  | Int+4}
 19212 | Lair:5   | You fall into a shaft and drop 1 floor!
 19212 | Lair:6   | Entered Level 6 of the Lair of Beasts
 19221 | Lair:5   | Reached skill level 12 in Fighting
 20061 | Lair:6   | Elyvilon protects you from harm!
 20061 | Lair:6   | HP: 3/124 [eight-headed hydra (4)]
 20227 | Lair:6   | Reached XP level 15. HP: 109/109 MP: 16/18
 21290 | Lair:6   | Reached skill level 13 in Fighting
 22295 | D:1      | Bought a shimmering copper amulet for 120 gold pieces
 22295 | D:1      | Identified the amulet "Ilile" {Reflect Str+3 SH+5} (You
                  | bought it in a shop on level 1 of the Dungeon)
 22295 | D:1      | Bought a scroll of blinking for 180 gold pieces
 22843 | D:8      | HP: 3/132 [centaur warrior/+0 flail (21)]
 22843 | D:8      | Elyvilon protects you from harm!
 22845 | D:8      | Elyvilon protects you from harm!
 23984 | D:10     | Killed fly's ghost
 24016 | D:10     | Identified the +6 lajatang of Ymoxoor {speed, rF+ SInv}
 24190 | D:11     | Noticed Sonja
 24206 | D:11     | Killed Sonja
 24349 | D:11     | Found a staircase to the Orcish Mines.
 24361 | Orc:1    | Entered Level 1 of the Orcish Mines
 24491 | Orc:1    | Noticed an orc warlord
 24522 | Orc:1    | Killed an orc warlord
 24912 | Orc:2    | Entered Level 2 of the Orcish Mines
 25098 | Orc:1    | Noticed Jorgrun
 25119 | Orc:1    | HP: 4/111 [Jorgrun/+0 vorpal quarterstaff (4)]
 25120 | Orc:1    | Elyvilon protects you from harm!
 25131 | Orc:1    | Killed Jorgrun
 25472 | Orc:2    | Reached skill level 15 in Transmutations
 25598 | Orc:2    | Noticed Urug
 25601 | Orc:2    | Reached XP level 16. HP: 114/117 MP: 19/19
 25616 | Orc:2    | Killed Urug
 26239 | Orc:2    | Gained mutation: Your spells are a little easier to cast,
                  | but a little less powerful. [a neqoxec]
 26335 | Orc:2    | Found Wielinn's Distillery.
 26348 | Orc:2    | Found Tuopt's Distillery.
 26616 | Orc:2    | Learned a level 6 spell: Statue Form
 26697 | Orc:2    | Found Avuradic's Book Boutique.
 26702 | Orc:2    | Reached skill level 1 in Earth Magic
 26727 | Orc:2    | Bought a manual of Fighting for 880 gold pieces
 26727 | Orc:2    | Bought an Inescapable Atlas for 374 gold pieces
 26822 | Orc:2    | Found Zysihe's Antique Armour Emporium.
 27219 | Orc:2    | Found a staircase to the Elven Halls.
 28161 | D:12     | Reached skill level 5 in Earth Magic
 28259 | D:12     | Found a stormy altar of Qazlal.
 29087 | D:13     | Noticed Azrael
 29110 | D:13     | Killed Azrael
 29205 | D:13     | Identified the ring of Xabegu {rF+ Str+8 SInv}
 29567 | D:13     | Found a gate to the Vaults.
 29709 | D:14     | Noticed Lodul
 29722 | D:14     | Killed Lodul
 29750 | D:14     | Noticed Nessos
 29755 | D:14     | Killed Nessos
 30459 | D:14     | Reached skill level 14 in Fighting
 30589 | D:15     | Entered Level 15 of the Dungeon
 30589 | D:15     | Found Toema's Book Shoppe.
 30795 | D:15     | Found Unnywn's Magic Scroll Emporium.
 30882 | D:15     | Found Ujeamp's Weapon Boutique.
 30991 | D:15     | Reached XP level 17. HP: 125/125 MP: 15/20
 31201 | D:15     | Found Miysa's Distillery.
 31234 | D:15     | Bought a potion of heal wounds for 80 gold pieces
 31234 | D:15     | Bought a potion of heal wounds for 80 gold pieces
 31460 | D:15     | Found a staircase to the Depths.
 31786 | Spider:1 | Entered Level 1 of the Spider Nest
 32756 | Spider:1 | Reached skill level 15 in Fighting
 34144 | Spider:3 | Noticed Mlioglotl
 34156 | Spider:3 | Noticed Arachne
 34159 | Spider:3 | Killed Mlioglotl
 34160 | Spider:3 | Noticed Agnes
 34381 | Spider:3 | Noticed Louise
 34386 | Spider:2 | Reached skill level 15 in Unarmed Combat
 34390 | Spider:2 | Killed Agnes
 34394 | Spider:2 | HP: 8/165 [wolf spider (7)]
 34395 | Spider:2 | Elyvilon protects you from harm!
 34653 | Spider:3 | Reached skill level 10 in Earth Magic
 34678 | Spider:3 | Killed Arachne
 34830 | Spider:3 | Reached XP level 18. HP: 135/135 MP: 17/21
 34881 | Spider:3 | Reached skill level 15 in Dodging
 34923 | Spider:3 | Identified Roxanne's Collected Works on Clay
 34923 | Spider:3 | Noticed Roxanne
 34973 | Spider:3 | Killed Louise
 34974 | Spider:3 | Reached skill level 16 in Fighting
 35464 | Spider:4 | Entered Level 4 of the Spider Nest
 35702 | Spider:4 | Noticed Nikola
 35709 | Spider:4 | Killed Nikola
 37028 | Spider:4 | HP: 6/137 [death scarab (22)]
 37028 | Spider:4 | Elyvilon protects you from harm!
 37029 | Spider:4 | Elyvilon protects you from harm!
 37263 | Spider:4 | Got a gossamer rune of Zot
 37282 | Spider:4 | Identified the +2 pair of gloves "Farrunul" {Dex+6}
 37578 | Shoals:1 | Entered Level 1 of the Shoals
 37790 | Shoals:1 | Found a runed translucent gate.
 37800 | Shoals:1 | Found a runed translucent gate.
 37801 | Shoals:1 | Found an opulent altar of Gozag.
 37802 | Shoals:1 | Found a runed translucent gate.
 37806 | Shoals:1 | Found Alit's Assorted Antiques.
 37833 | Shoals:1 | Reached skill level 17 in Fighting
 37846 | Shoals:1 | Learned a level 5 spell: Manifold Assault
 38052 | Shoals:1 | Identified the -1 buckler of Boredom {rPois Will- rCorr}
 38089 | Shoals:1 | Found Hugoesugij's Antique Weapon Boutique.
 38443 | Shoals:1 | Noticed Jemet's ghost (adept DDFi)
 38444 | Shoals:1 | Found Itzidgh's Assorted Antiques.
 38469 | Shoals:1 | Killed Jemet's ghost
 38470 | Shoals:1 | Reached skill level 1 in Translocations
 39588 | Shoals:2 | Reached XP level 19. HP: 54/144 MP: 18/22
 40880 | Shoals:4 | Entered Level 4 of the Shoals
 40938 | Shoals:4 | HP: 7/144 [tentacle[a kraken] (13)]
 40939 | Shoals:4 | Elyvilon protects you from harm!
 41867 | Shoals:4 | Reached skill level 18 in Fighting
 41953 | Shoals:4 | Got a barnacled rune of Zot
 42052 | Shoals:4 | Got the Almanac of Frigorific Bewitchment
 42061 | Shoals:4 | Identified the +1 long sword "Ajarer" {spect, Dex+5}
 42077 | Shoals:4 | Elyvilon protects you from harm!
 42077 | Shoals:4 | HP: 3/146 [merfolk javelineer/silver javelin (19)]
 42077 | Shoals:4 | Hit by a silver javelin thrown by a merfolk javelineer

Illustrated notes

Levels and vault maps discovered:
D:1:      heliophobic_arrival_battle_scene, layout_basic, serial_shops,
          nicolae_shop_statue_plus, serial_bayou_lagoon_a
D:2:      layout_basic, basic_altar, ebering_ecumenical_altar_mist,
          skrybe_limestone_x, lemuel_another_geyser, uniq_jessica, uniq_sigmund
D:3:      layout_basic, chequers_serial_rivers_micro_c, uniq_robin
D:4:      layout_gridville, uniq_blork_the_orc, uniq_pikel
D:5:      layout_basic, minmay_temple_entry_overgrown, uniq_eustachio
D:6:      layout_gridville, eino_small_chamber_without_monster,
          ebering_dispersal_statue_hall, nrook_loot_triangle
D:7:      layout_basic, serial_shops, nicolae_shop_crystal
D:8:      minmay_the_grid_four_pointed_star
          [minmay_the_grid_triangle_9x9_subtriangle,
          minmay_the_grid_triangle_9x9_sparse_checkered,
          minmay_the_grid_triangle_9x9_intruding_spiral,
          minmay_the_grid_triangle_9x9_impossible_snake,
          minmay_the_grid_prize_big_room], layout_gridville, uniq_maggie,
          uniq_grum
D:9:      layout_loops_ring, okawaru_gym_becter, enter_bailey_6, uniq_harold,
          uniq_joseph, uniq_erolcha
D:10:     layout_long_grid, lair_entry_dummy, gammafunk_ghost_hydra_chop,
          nrook_mini_vaults, kennysheep_generic_room_5
D:11:     layout_basic, david_orc_1_choice, grunt_decor_cap, uniq_sonja
D:12:     layout_basic, nicolae_qazlal_general_emergency
D:13:     layout_roguey, david_vaults_4, uniq_azrael
D:14:     layout_irregular_city, minmay_crystal_water, uniq_nessos, uniq_lodul
D:15:     grunt_enter_depths_hoard, layout_basic, serial_shops,
          nicolae_shop_hallway_stairs, shop, shop, shop, serial_bayou_shore_a,
          moated_statue
Temple:   regret_index_temple_sigil_plot
Lair:1:   gammafunk_worm_tunnel, layout_hall_layers, ebering_ghost_disaster_area
Lair:2:   layout_gridlike, nicolae_spider_entry_orb_guardian
Lair:3:   nzn_winding_woodlands_huge [nzn_winding_woodlands_5x15_eye,
          nzn_winding_woodlands_5x15_pool, nzn_winding_woodlands_5x15_jagged,
          nzn_winding_woodlands_5x15_zeroes, nzn_winding_woodlands_5x15_cabin,
          nzn_winding_woodlands_5x15_sawtooth,
          nzn_winding_woodlands_5x15_default,
          nzn_winding_woodlands_5x15_split_checker,
          nzn_winding_woodlands_5x15_parted,
          nzn_winding_woodlands_5x15_longhouse,
          nzn_winding_woodlands_center_lodge,
          nzn_winding_woodlands_center_triple_pond,
          nzn_winding_woodlands_15x15_killbox], layout_cave_pods
Lair:4:   layout_layer_cave, minmay_shoals_entry_lonely_mermaid,
          portal_ice_cave_entry_pillars_2, chequers_serial_rivers_marsh,
          serial_bayou_shore_b
Lair:5:   layout_concentric_octagons, minmay_slime_entry_oklob_enclosed,
          wad_woods_road_04
Lair:6:   hangedman_lair_tendril_chambers, layout_big_grid,
          hangedman_lair_caniforms_friends
Shoals:1: layout_shoals, serial_shops, shop_fountains, ebering_ghost_gozag
Shoals:2: layout_shoals
Shoals:3: layout_shoals, nicolae_shoals_flooded_hall
Shoals:4: shoals_end_grunt_ice, layout_shoals
Spider:1: layout_cave_pods, hellmonk_deceptive_appearances
Spider:2: layout_cave_pods, hangedman_spider_tarantella_strand
Spider:3: layout_spider_delve, uniq_roxanne, uniq_agnes, uniq_louise,
          uniq_arachne, uniq_mlioglotl
Spider:4: floodkiller_spider_rune_tomb, uniq_nikola
Orc:1:    layout_diamond_mine, uniq_jorgrun
Orc:2:    pubby_orc_utopia, uniq_urug

Skill      XL: |  1  2  3  4  5  6  7  8  9 10 11 12 13 14 15 16 17 18 19 |
---------------+----------------------------------------------------------+-----
Fighting       | 2 4 6 8 9 11 12 13 14 15 17 18 | 18.0
Transmutations | 3 4 5 6 7 8 9 10 11 13 14 15 16 17 | 17.3
Ice Magic      | 1 2 4 6 7 |  7.0
Dodging        | 3 5 6 8 9 11 12 13 14 15 16 | 16.2
Unarmed Combat | 4 5 7 8 10 11 12 13 14 15 16 | 16.3
Earth Magic    | 8 10 11 12 | 12.0
Translocations | 2 4 |  4.4
Spellcasting   | |  2.0

Action                   |  1- 3 |  4- 6 |  7- 9 | 10-12 | 13-15 | 16-18 | 19-21 || total
-------------------------+-------+-------+-------+-------+-------+-------+-------++-------
Melee: Unarmed           |    50 |   123 |   212 |   492 |  1325 |  1163 |   277 ||  3642
       Kick              |    13 |    32 |    35 |       |       |       |       ||    80
       Constrict         |    11 |    31 |    26 |     1 |     3 |   204 |    58 ||   334
       Tentacles         |     6 |    25 |    27 |       |     7 |   248 |    79 ||   392
       Punch             |     1 |     3 |     5 |     1 |     1 |   113 |    36 ||   160
Throw: Javelin           |       |     2 |       |       |       |       |       ||     2
 Cast: Beastly Appendage |    18 |    27 |    33 |     1 |       |       |       ||    79
       Ice Form          |       |       |    22 |    46 |   125 |    29 |       ||   222
       Passwall          |       |       |       |       |     1 |       |       ||     1
       Statue Form       |       |       |       |       |       |   135 |    44 ||   179
Invok: Heal Self         |       |       |       |       |     4 |     1 |       ||     5
Evoke: Wand              |       |       |     2 |    10 |     4 |     4 |       ||    20
  Use: Scroll            |       |     2 |     1 |    17 |    13 |     6 |     2 ||    41
       Potion            |       |     3 |     1 |     3 |     3 |    11 |     3 ||    24
 Stab: Sleeping          |     3 |     5 |     8 |     1 |     6 |     5 |       ||    28
       Petrified         |       |       |       |       |     3 |       |       ||     3
       Distracted        |       |       |       |       |     1 |     2 |       ||     3
Armor: Skin              |     6 |     4 |    62 |   181 |   466 |   590 |   173 ||  1482
Dodge: Dodged            |    30 |    55 |   113 |   326 |  1366 |  2176 |   712 ||  4778

Table legend: (Time is in decaauts)
 A = Elapsed time spent in this place.
 B = Non-inter-level travel time spent in this place.
 C = Inter-level travel time spent in this place.
 D = Time resting spent in this place.
 E = Time spent auto-exploring this place.
 F = Levels seen in this place.
 G = Mean time per level.
                   A        B        C        D        E       F      G
               +--------+--------+--------+--------+--------+-----+--------+
         Total |  45342 |  42055 |   3287 |    779 |  31365 |  34 | 1333.6 |
       Dungeon |  17728 |  16119 |   1609 |    100 |  12846 |  15 | 1181.9 |
        Temple |     45 |     25 |     20 |      0 |     17 |   1 |   45.0 |
          Lair |   9643 |   8739 |    904 |     48 |   6712 |   6 | 1607.2 |
        Shoals |   6037 |   5863 |    174 |    235 |   3916 |   4 | 1509.2 |
   Spider Nest |   7064 |   6632 |    432 |    396 |   4740 |   4 | 1766.0 |
  Orcish Mines |   3191 |   3044 |    147 |      0 |   2239 |   2 | 1595.5 |
        Bailey |    448 |    448 |      0 |      0 |    186 |   1 |  448.0 |
      Ice Cave |   1184 |   1184 |      0 |      0 |    708 |   1 | 1184.0 |
               +--------+--------+--------+--------+--------+-----+--------+

Top non-repeatable levels by time:
  Lair:3: 2874 daAuts
   Orc:2: 2295 daAuts
     D:8: 2199 daAuts
Spider:4: 1781 daAuts
Spider:2: 1780 daAuts
Spider:3: 1755 daAuts
  Lair:6: 1752 daAuts
Spider:1: 1747 daAuts
Shoals:2: 1707 daAuts
  Lair:5: 1629 daAuts
Shoals:4: 1614 daAuts
     D:2: 1571 daAuts
     D:3: 1546 daAuts
     D:4: 1468 daAuts
     D:7: 1405 daAuts
